 Dungeon Crawl Stone Soup version 0.31-a0-978-g1e143483b6 (webtiles) character file.

Game seed: 7591742368570667207

375 Arzdou the Cudgeller (level 6, -4/51 HPs)
             Began as an Armataur Gladiator on Oct 30, 2023.
             Was a Priest of Uskayaw.
             Slain by a hound (6 damage)
             ... on level 5 of the Dungeon.
             The game lasted 00:06:50 (4020 turns).

Arzdou the Cudgeller (Armataur Gladiator)           Turns: 4020, Time: 00:06:51

Health: -4/51      AC: -2    Str: 22    XL:     6   Next: 44%
Magic:  3/6        EV:  9    Int:  8    God:    Uskayaw [***...]
Gold:   201        SH:  3    Dex: 11    Spells: 5/5 levels left

rFire   . . .        a - +0 war axe
rCold   . . .        x - +0 buckler
rNeg    . . .        s - +0 leather armour
rPois   .            c - +0 helmet
rElec   .            (no cloak)
rCorr   .            (no gloves)
SInv    .            (no barding)
Will    .....        (no amulet)
Stlth   +            (no ring)
HPRegen 0.28/turn    (no ring)
MPRegen 0.10/turn

%: roll
@: corroded
A: large, rugged brown scales 3, deformed body, armoured tail, roll, long
tongue, awkward tongue
a: Renounce Religion, Stomp, Line Pass


You were on level 5 of the Dungeon.
You worshipped Uskayaw.
Uskayaw was noncommittal.
You visited 1 branch of the dungeon, and saw 5 of its levels.

You collected 201 gold pieces.

Inventory:

Hand Weapons
 a - a +0 war axe (weapon)
 b - the +5 sling "Kuacrame" {flame, rElec rPois rN+ Int-5}
   (You found it on level 3 of the Dungeon)

   Int-5:     It affects your intelligence (-5).
   rElec:     It insulates you from electricity.
   rPois:     It protects you from poison rN+: It protects you from negative
   energy.
 m - a +0 flail
Missiles
 d - 3 throwing nets (quivered)
 e - 6 javelins
Armour
 c - a +0 helmet (worn)
 s - a +0 leather armour (worn)
 v - a +0 leather armour
 x - a +0 buckler (worn)
Wands
 n - a wand of flame (24)
Scrolls
 p - 2 scrolls of blinking
 w - a scroll of teleportation
Potions
 g - 2 potions of curing {unknown}
 h - a potion of heal wounds {unknown}
 i - a potion of might {unknown}
 k - 2 potions of enlightenment
 l - a potion of mutation {unknown}
 u - 2 potions of brilliance {unknown}


   Skills:
 - Level 1.7 Fighting
 + Level 4.2(5.0) Axes
 - Level 4.5(5.5) Maces & Flails
 - Level 1.7 Throwing
 - Level 2.1 Dodging


You had 5 spell levels left.
You didn't know any spells.
Your spell library contained the following spells:

 Spells                   Type           Power      Damage    Failure   Level
 Sting                    Tmut/Pois      0%         1d3       54%         1
 Call Canine Familiar     Summ           0%         N/A       88%         3
 Sigil of Binding         Hex            0%         N/A       88%         3
 Dimensional Bullseye     Hex/Tloc       0%         N/A       99%         4
 Leda's Liquefaction      Hex/Erth       0%         N/A       99%         4
 Olgreb's Toxic Radiance  Pois           0%         N/A       99%         4
 Petrify                  Tmut/Erth      0%         N/A       99%         4
 Silence                  Hex/Air        0%         N/A       100%        5
 Yara's Violent Unravell  Hex/Tmut       0%         3d3       100%        5
 Eringya's Noxious Bog    Tmut/Pois      0%         4d6       100%        6
 Fire Storm               Conj/Fire      0%         5d1       100%        9


Dungeon Overview and Level Annotations

Branches:
Dungeon (5/15)
 Temple: D:4-7

Altars:
Fedhas
Kikubaaqudgha
Makhleb
Ru
Trog
Uskayaw
Vehumet


Innate Abilities, Weirdness & Mutations

You are completely covered in rugged brown scales. (AC +3, +7% HP)
Armour fits poorly on your strangely shaped body.
You have a long armoured tail.
You roll when moving toward enemies. (Rampage)
Your long tongue fully drains potion bottles. (2x potion effects)
Your tongue gives you trouble enunciating. (1.5x scroll delay)


Message History

The jelly is severely wounded.
The jelly closely misses you. x2
Uskayaw will force your foes to helplessly watch your dance.
Uskayaw prepares the audience for your solo!
The helpless jelly fails to defend itself.
You hit the jelly. The acid corrodes you!
Your hands burn!
The jelly is almost dead.
The helpless gnoll fails to defend itself.
You hit the gnoll.
The gnoll is no longer paralysed. x2
The hound is no longer paralysed.
The jelly is no longer paralysed.
The jelly hits you. The acid corrodes you!
You are splashed with acid.
Unknown command.
You slash the jelly!
You kill the jelly!
You hit the gnoll but do no damage. You barely miss the gnoll.
The gnoll closely misses you. The gnoll hits you with a +0 club.
You hit the gnoll but do no damage.
The gnoll is lightly wounded.
The gnoll hits you with a +0 flail!
Unknown command.
You are too injured to fight recklessly!
Unknown command.
You are too injured to fight recklessly!
Unknown command.
You are too injured to fight recklessly!
You hit the gnoll but do no damage.
The gnoll is lightly wounded.
The gnoll hits you with a +0 flail!
* * * LOW HITPOINT WARNING * * *
The gnoll hits you with a +0 flail!
* * * LOW HITPOINT WARNING * * *
You closely miss the gnoll. You tail-slap the gnoll!
The gnoll is severely wounded.
The gnoll closely misses you.
Uskayaw will force your foes to share their pain.
Uskayaw links your audience in an emotional bond!
You stomp with the beat, sending a shockwave through the revellers around you!
You kill the gnoll!
The hound bites you.
You die...

#... #?.. ......
...... . ##.#.... ...
#g.# ...
....$####g####..##
.......@h....##.>####
.....####.##..##....#
... ...###.......# .
#.### ####....# #.
#....# . #....# #.
#....# # #..†.#
#...<#


You could see a hound (pain bonded) and a gnoll (pain bonded).

Vanquished Creatures
  2 ogres
  A jelly (D:5)
  An orc priest (D:4)
  Robin (D:4)
  A gnoll (D:5)
  3 adders
  3 worms
  A dart slug (D:3)
  2 orcs (D:4)
  6 endoplasms
  5 giant cockroaches
  21 goblins
  12 hobgoblins
  2 quokkas (D:1)
  10 ball pythons
  8 bats
  5 frilled lizards
  13 kobolds
  6 rats
103 creatures vanquished.

Notes
Turn   | Place    | Note
-------+----------+-------------------------------------------
     0 | D:1      | Arzdou the Armataur Gladiator began the quest for the Orb.
     0 | D:1      | Reached XP level 1. HP: 18/18 MP: 1/1
   125 | D:1      | Reached XP level 2. HP: 21/25 MP: 2/2
   342 | D:1      | Found a faded altar of an unknown god.
   355 | D:1      | Prayed at the altar of an unknown god.
   355 | D:1      | Became a worshipper of Uskayaw the Reveller
   355 | D:1      | Reached * piety under Uskayaw
   469 | D:1      | Reached ** piety under Uskayaw
   470 | D:1      | Reached XP level 3. HP: 30/31 MP: 3/3
   611 | D:1      | Got the Papyrus of Putridity and the Burn
   966 | D:1      | Got the Vademecum on Evolving Ceraunoscopy
  1311 | D:2      | Reached XP level 4. HP: 38/38 MP: 4/4
  1885 | D:3      | Found a sacrificial altar of Ru.
  2152 | D:3      | Reached skill level 1 in Axes
  2196 | D:3      | Identified the +5 sling "Kuacrame" {flame, rElec rPois rN+
                  | Int-5}
  2342 | D:3      | Found a burning altar of Makhleb.
  2463 | D:4      | Reached *** piety under Uskayaw
  2740 | D:4      | Noticed Robin
  2750 | D:4      | Reached XP level 5. HP: 42/43 MP: 5/5
  2755 | D:4      | Killed Robin
  2765 | D:4      | Reached **** piety under Uskayaw
  2888 | D:4      | Found an ancient bone altar of Kikubaaqudgha.
  2890 | D:4      | Found a radiant altar of Vehumet.
  3242 | D:4      | Identified the +9 hand axe "Lobur" {drain, SInv}
  3251 | D:4      | Found a blossoming altar of Fedhas.
  3257 | D:4      | Found a bloodstained altar of Trog.
  3409 | D:4      | Noticed an ogre
  3416 | D:4      | Killed an ogre
  3985 | D:5      | Entered Level 5 of the Dungeon
  4007 | D:5      | Noticed an ogre
  4009 | D:5      | Killed an ogre
  4010 | D:5      | Reached XP level 6. HP: 51/51 MP: 6/6
  4018 | D:5      | HP: 1/51 [gnoll/+0 flail (12)]
  4020 | D:5      | Slain by a hound

Illustrated notes

Levels and vault maps discovered:
D:1:      dpeg_arrival_prison, layout_loops_corners,
          chequers_ecumenical_altar_simple, minmay_pentomino_s4
D:2:      layout_rooms, hex_large
D:3:      layout_loops_ring, marbit_many_paths, nicolae_ru_sacrificial_ziggurat
D:4:      layout_layer_cave, nicolae_overflow_macrodata_refinement,
          grunt_ministairs_9, hangedman_decor_peaks_small, corexii_shack,
          uniq_robin
D:5:      layout_rooms

Skill      XL: |  1  2  3  4  5 |
---------------+----------------+-----
Maces & Flails | 3 4 |  4.5
Axes           | 2 4 |  4.2
Fighting       | |  1.7
Throwing       | |  1.7
Dodging        | |  2.1

Action                     |  1- 3 |  4- 6 || total
---------------------------+-------+-------++-------
  Melee: Flail             |   122 |    12 ||   134
         Tailslap          |    12 |    15 ||    27
         War axe           |       |   114 ||   114
   Fire: Sling             |       |    11 ||    11
 Invoke: Stomp             |       |     1 ||     1
    Use: Scroll            |       |     8 ||     8
   Stab: Paralysed         |       |     5 ||     5
 Armour: Leather armour    |    84 |    85 ||   169
  Dodge: Dodged            |    51 |    51 ||   102
  Block: Buckler           |       |     1 ||     1

Table legend: (Time is in decaauts)
 A = Elapsed time spent in this place.
 B = Non-inter-level travel time spent in this place.
 C = Inter-level travel time spent in this place.
 D = Time resting spent in this place.
 E = Time spent auto-exploring this place.
 F = Levels seen in this place.
 G = Mean time per level.
                   A        B        C        D        E       F      G
               +--------+--------+--------+--------+--------+-----+--------+
         Total |   4090 |   3961 |    129 |    224 |   3113 |   5 |  818.0 |
       Dungeon |   4090 |   3961 |    129 |    224 |   3113 |   5 |  818.0 |
               +--------+--------+--------+--------+--------+-----+--------+

Top non-repeatable levels by time:
     D:4: 1613 daAuts
     D:1: 1060 daAuts
     D:3: 786 daAuts
     D:2: 592 daAuts
     D:5: 38 daAuts
